[Event "Early-Titled-Tuesday-Blitz-January-30-2024"]
[Site "Chess.com"]
[Date "2024.01.30"]
[Round "1"]
[White "LaPiToB"]
[Black "ukchessbomber"]
[Result "0-1"]
[WhiteElo "2292"]
[BlackElo "2628"]
[TimeControl "180+1"]
[EndTime "8:09:42 PST"]
[Termination "ukchessbomber won on time"]

1. d4 a6 2. c4 b5 3. cxb5 axb5 4. Nf3 Bb7 5. e3 Nf6 6. Bxb5 c5 7. O-O e6 8. Nc3 cxd4 9. exd4 Bd6 10. Bg5 h6 11. Bh4 Qb6 12. a4 Na6 13. Re1 Nc7 14. Ne5 Bxe5 15. dxe5 Nfd5 16. Ne4 Nxb5 17. axb5 Rxa1 18.
Qxa1 O-O 19. Nd6 Nf4 20. Nxb7 Qxb7 21. f3 Nd3 22. Rf1 Qb6+ 23. Kh1 Rc8 24. Qa4 Qe3 25.
h3 Nxb2 26. Qa6 Rc2 27. b6 Nd3 28. b7 Qe2 29. b8=Q+ Kh7 30. Rg1 Nf2+ 31. Bxf2 Qxa6 32. Qb1 Qd3 33. Rd1 Qg6 34. Kg1 h5 35. Rxd7 h4 36. Rd1 Qf5 37. Qb8 Re2 38. Qd6 Qc2 39. Qd3+ Qxd3 40.
Rxd3 g5 41. Bd4 Kg6 42. Rc3 Rd2 43. Bf2 Rd1+ 44. Kh2 Rd2 45. Be3 Rd5 46. Rc5 Rd3 47. Bf2 Kf5 48. Bg1 Rd2 49. Rc7 Kg6 50. Rc8 Re2 51. Rc5 Kf5 52. Ra5 Kf4 53. Kh1 Kf5 54.
Bb6 Re1+ 55. Kh2 Re2 56. Ra4 Re1 57. Rg4 Rxe5 58. Bd8 f6 59. Bc7 Rc5 60. Bb6 Rb5 61.
Bf2 Rb2 62. Bg1 Re2 63. Ra4 Kg6 64. Ra7 Re1 65. Re7 Re2 66. Kh1 Kf5 67. Kh2 Kf4 68.
Rf7 Kf5 69. Bd4 e5 70. Bc5 Rc2 71. Be7 Ke6 72. Rh7 Rc7 73. Rh8 Rxe7 74. Ra8 Kf5 75. Ra4 Rd7 76. Re4 Rd4 77. Re3 Kf4 78. Re2 f5 79.
Re1 Rc4 80. Re2 Rd4 81. Re1 Rd2 82. Kg1 e4 83. fxe4 fxe4 84. Rf1+ Kg3 85. Re1 Rxg2+ 86. Kh1 Rh2+ 87. Kg1 Rg2+ 88. Kh1 Kxh3 89. Rxe4 Rg3 90.
Re1 Kg4 91. Rf1 h3 92. Rd1 Ra3 93. Re1 Kg3 94. Rg1+ Kh4 95. Re1 g4 96. Rf1 g3 97.
Rf4+ Kg5 98. Rf1 g2+ 0-1

[Event "Early-Titled-Tuesday-Blitz-January-30-2024"]
[Site "Chess.com"]
[Date "2024.01.30"]
[Round "1"]
[White "ValentinDragnev"]
[Black "topalovkramnik"]
[Result "1/2-1/2"]
[WhiteElo "2773"]
[BlackElo "2440"]
[TimeControl "180+1"]
[EndTime "8:09:59 PST"]
[Termination "Game drawn - insufficient material"]

1. e4 c5 2. Nf3 d6 3. d4 cxd4 4.
Nxd4 Nf6 5. Nc3 a6 6. Bc4 e6 7.
Bb3 b5 8. Qf3 Qc7 9. g4 h6 10. h4 b4 11. Na4 Bb7 12. Qe2 Nxe4 13. Rg1 Nd7 14. Be3 Be7 15. f3 Bxh4+ 16. Kd1 Nec5 17.
Nf5 Bf6 18. Bd4 Bxd4 19. Nxd4 O-O-O 20. a3 bxa3 21. Rxa3 Ne5 22. Kc1 Nc6 23. Nxc6 Qxc6 24. Nxc5 dxc5 25. Bc4 Rd6 26. Qe5 f6 27. Qe3 Rhd8 28. f4 Kb8 29. Re1 Rd4 30. Bxe6 Re4 31. Qxe4 Qxe4 32. Rxe4 Bxe4 33. Rxa6 Bf3 34. b3 Kb7 35.
Ra4 Rd1+ 36. Kb2 Rg1 37. Rc4 Kb6 38. b4 cxb4 39. Rxb4+ Kc5 40. Rc4+ Kd6 41. f5 Rxg4 42. Rc8 Ke5 43. c4 h5 44. c5 h4 45. c6 Kd6 46. c7 Bb7 47. Rh8 Kxc7 48. Kc3 Kd6 49. Kd3 Ke5 50. Ke3 Bd5 51. Bc8 Rg3+ 52. Kf2 Rf3+ 53. Ke2 h3 54. Rh7 Rg3 55. Kf2 Rg2+ 56. Ke3 h2 57. Be6 h1=Q 58. Rxh1 Rg3+ 59. Kf2 Bxh1 60.
Kxg3 Bd5 61. Bc8 Bb3 62. Bd7 Bd1 63. Bc8 Bh5 64. Kh4 Bf7 65. Kg4 Be8 66. Kg3 Bh5 67.
Kh4 Be8 68. Kg4 Bf7 69. Bd7 Kd6 70. Bc8 Be8 71. Kf4 Bd7 72. Ba6 Kd5 73. Bb7+ Kd4 74. Bf3 Kd3 75. Bg4 Kd4 76. Bf3 Be8 77. Bg4 Bf7 78. Bf3 Kd3 79. Bg4 Be8 80. Bf3 Kd2 81. Bg4 Ke1 82. Bf3 Kf2 83. Be4 Bf7 84. Bd3 Kg2 85.
Be4+ Kh3 86. Bd3 Kh4 87. Be4 Kh5 88. Bd3 Be8 89. Be2+ Kh4 90. Bd3 Bc6 91. Be2 Bd5 92. Bd3 Kh5 93. Be2+ Kh6 94. Bd3 Bf7 95. Be4 g5+ 96.
fxg6 Bxg6 97. Bf3 Kg7 98. Bg2 f5 99. Bh3 Kf6 100. Bxf5 1/2-1/2

[Event "Early-Titled-Tuesday-Blitz-January-30-2024"]
[Site "Chess.com"]
[Date "2024.01.30"]
[Round "1"]
[White "Ural_bogatyr"]
[Black "BilodeauA"]
[Result "1/2-1/2"]
[WhiteElo "2542"]
[BlackElo "3024"]
[TimeControl "180+1"]
[EndTime "8:10:17 PST"]
[Termination "Game drawn by repetition"]

1. d4 d5 2. Nc3 Nf6 3. Bf4 e6 4. Nb5 Na6 5. e3 Ne4 6. a3 c6 7. Nc3 Nxc3 8. bxc3 Qa5 9. Qd2 Be7 10. Bd3 O-O 11. Nf3 c5 12. O-O Nb8 13. c4 Qxd2 14.
Nxd2 cxd4 15. exd4 dxc4 16. Nxc4 Nc6 17. c3 Rd8 18. Be4 Bd7 19. a4 Rac8 20. Rfb1 Nxd4 21. cxd4 Rxc4 22. Rxb7 Rxd4 23. f3 f5 24. Be3 Rb4 25.
Rxb4 Bxb4 26. Bb7 Rb8 27. Ba6 Ba5 28. Rd1 Bxa4 29. Ra1 Rb4 30. Bxa7 Bc7 31. Bc5 Be5 32. Re1 Bd4+ 33. Bxd4 Rxd4 34. Rxe6 Kf7 35. Rb6 h5 36.
Bb5 Bc2 37. Rc6 Bb3 38. Rb6 Ba2 39. Ra6 Rd1+ 40. Kf2 Rd2+ 41. Kg3 Be6 42. h4 Rd4 43. Ra4 Rd2 44. Bc4 Bxc4 45. Rxc4 Kf6 46. Rc6+ Kf7 47. Rc7+ Kg6 48. Rc6+ Kh7 49. Rc5 g6 50. Rc7+ Kh6 51. Rc6 Ra2 52. Rb6 Ra4 53. Rc6 f4+ 54. Kh3 Kg7 55.
Kh2 Rd4 56. Rb6 Kf7 57. Rc6 Rb4 58. Ra6 Rb5 59. Rc6 Rf5 60. Ra6 Re5 61. Rb6 Rf5 62. Ra6 Rf6 63. Ra7+ Ke6 64. Ra6+ Ke5 65. Ra4 Rd6 66.
Re4+ Kf5 67. Ra4 Rd5 68. Re4 g5 69. hxg5 Kxg5 70. Re8 Rd6 71. Rg8+ Kf5 72. Rh8 Kg5 73.
Rg8+ Rg6 74. Rh8 Rg7 75. Rf8 Rg6 76. Rh8 Re6 77. Rg8+ Kf5 78. Rh8 Ke5 79. Rxh5+ Kd4 80. Rf5 Ke3 81. Rh5 Rg6 82. Kg1 Ra6 83. Re5+ Kd3 84.
Re4 Rf6 85. Kf2 Rf7 86. Re6 Rf8 87. Re4 Rf7 88. g4 fxg3+ 89. Kxg3 Rf8 90. Re7 Rg8+ 91.
Kf2 Rf8 92. Re6 Rg8 93. f4 Rf8 94. Kf3 Kd4 95. Re1 Kd5 96. Kg4 Rg8+ 97. Kf5 Rf8+ 98. Kg5 Rg8+ 99. Kf5 Rf8+ 100. Kg4 Rg8+ 101. Kf3 Rf8 102. Re2 Kd6 103. Re3 Kd5 104. Re1 Kd6 105. Kg4 Rg8+ 106. Kf5 Rf8+ 107. Kg5 Rg8+ 108. Kf5 Rf8+ 109. Kg4 Rg8+ 110. Kf3 Rf8 111. Re4 Kd5 112. Re1 Kd6 1/2-1/2

[Event "Early-Titled-Tuesday-Blitz-January-30-2024"]
[Site "Chess.com"]
[Date "2024.01.30"]
[Round "1"]
[White "josmito10"]
[Black "garfield_pg"]
[Result "0-1"]
[WhiteElo "2775"]
[BlackElo "2454"]
[TimeControl "180+1"]
[EndTime "8:10:21 PST"]
[Termination "garfield_pg won on time"]

1. e4 c5 2. Nf3 Nc6 3. c3 Nf6 4. e5 Nd5 5. d4 cxd4 6. cxd4 d6 7. Bc4 dxe5 8. Bxd5 Qxd5 9. Nc3 Qd6 10. d5 Nd4 11.
Nxd4 exd4 12. Qxd4 e5 13. Qd3 Bd7 14. O-O Be7 15.
f4 O-O 16. fxe5 Qxe5 17. Bf4 Bc5+ 18. Kh1 Qh5 19. Qg3 Qg6 20. Qxg6 hxg6 21. Ne4 Bd4 22.
Rad1 Bxb2 23. Rb1 Bf5 24. Rxb2 Bxe4 25. d6 Bc6 26. h3 Rfe8 27. Rbf2 f6 28. Kh2 Rad8 29.
Rd2 Kf7 30. Rfd1 Re4 31. Bg3 Rd7 32. Bf2 a6 33. Bg3 g5 34. Rf2 Kg6 35. Rdf1 Re6 36. Kg1 Bb5 37. Rc1 Bc6 38. Rc5 Re1+ 39. Kh2 Re4 40. a3 Rd8 41. Ra5 Rde8 42. Rc5 Re2 43. Rc2 Rxf2 44. Rxf2 Kf7 45. Rd2 Ke6 46. Kg1 Kd7 47. h4 gxh4 48. Bxh4 Re3 49. Kh2 Rxa3 50. Bg3 Re3 51. Rd4 Re6 52. Rh4 Re8 53. Rh7 Rg8 54. Rh4 a5 55. Rh5 b6 56. Rh4 b5 57.
Rh5 a4 58. Be1 a3 59. Rh3 Ra8 60. Bc3 b4 61. Bxb4 a2 62. Bc3 a1=Q 63. Bxa1 Rxa1 64.
Rh7 Kxd6 65. Rxg7 Rf1 66. Rg8 Ke6 67. Rc8 Bd5 68. Rc2 Re1 69. Rd2 Re5 70. Rb2 Rh5+ 71. Kg3 Rg5+ 72. Kh3 Ke5 73. g3 Rh5+ 74. Kg4 Rg5+ 75.
Kh4 Be4 76. Rb5+ Bd5 77. g4 Rg8 78. Rb6 Be6 79. Rb5+ Kd6 80. g5 f5 81. Kh5 f4 82.
g6 f3 83. Rb2 Ke5 84. Kh6 Bf5 85. g7 Kf6 86. Rb6+ Be6 87. Rb7 f2 88. Rb1 Rxg7 89.
Rf1 Rg2 90. Kh5 Bc4 91. Rd1 Rh2+ 92. Kg4 f1=Q 93. Rxf1+ Bxf1 94. Kg3 Re2 0-1

[Event "Early-Titled-Tuesday-Blitz-January-30-2024"]
[Site "Chess.com"]
[Date "2024.01.30"]
[Round "1"]
[White "IMRosen"]
[Black "eightbyeightchess"]
[Result "0-1"]
[WhiteElo "2731"]
[BlackElo "2427"]
[TimeControl "180+1"]
[EndTime "8:10:31 PST"]
[Termination "eightbyeightchess won by checkmate"]

1. d4 d5 2. Bf4 Nf6 3. e3 c5 4. Nf3 Nc6 5. Nbd2 Bg4 6. c3 c4 7.
b3 b5 8. bxc4 bxc4 9. Qa4 Bd7 10.
Qc2 g6 11. e4 e6 12. Be2 Nh5 13. Be3 Bg7 14. e5 Bf8 15. g4 Ng7 16. Bh6 Rb8 17.
Nf1 Qb6 18. Ne3 Qb2 19. O-O Nf5 20. Bxf8 Nxe3 21. Qxb2 Rxb2 22. fxe3 Kxf8 23. Bd1 h6 24. Rf2 Rb6 25. Bc2 Ke7 26. Raf1 Rhb8 27. Nd2 Nd8 28. h4 Rb2 29. Nf3 Rxa2 30. Rb1 Rxb1+ 31. Bxb1 Rxf2 32. Kxf2 a5 33. Ke2 Nb7 34. Kd2 a4 35. Kc2 Na5 36.
Kb2 Nb3 37. Ka3 Kd8 38. Kb4 Kc7 39. Bc2 Nc1 40. Bxa4 Nd3+ 41. Ka3 Bxa4 42. Kxa4 Nf2 43. g5 h5 44. Nd2 Ng4 45. e4 Ne3 46. exd5 exd5 47.
Kb5 Kd7 48. Kc5 Ke6 49. Nf3 Ng2 50. Kc6 Nf4 51. Kc5 Ne2 52. Kc6 Nxc3 53. Nd2 Ne2 54. Kc5 c3 55. Nb3 c2 56. Kb4 Nf4 57. Nc1 Ng2 58.
Kc3 Nxh4 59. Kxc2 Nf3 60. Ne2 Nxg5 61. Kd3 Nh3 62. Ke3 g5 63. Nc3 Nf4 64. Na4 h4 65.
Nc5+ Kf5 66. Nb7 h3 67. Nd6+ Kg4 68. Nxf7 h2 69. e6 h1=Q 70. Ne5+ Kg3 71. e7 Qe4+ 72. Kd2 Qxd4+ 73. Nd3 Qxd3+ 74. Kc1 Qe2 75. e8=Q Qxe8 76. Kd2 Qe2+ 77. Kc3 Qd3+ 78. Kb4 Qc4+ 79. Ka5 Qb3 80. Ka6 Qb4 81. Ka7 Qb5 82. Ka8 Kf3 83. Ka7 Ke3 84. Ka8 Kd4 85. Ka7 Kc5 86. Ka8 Kc6 87. Ka7 Kc7 88. Ka8 d4 89. Ka7 g4 90. Ka8 g3 91.
Ka7 g2 92. Ka8 g1=Q 93. Ka7 Qgb1 94. Ka8 Nd3 95. Ka7 Q1b4 96. Ka8 Ne5 97. Ka7 Nf7 98. Ka8 Nd8 99. Ka7 d3 100. Ka8 d2 101. Ka7 d1=Q 102. Ka8 Qdb3 103. Ka7 Qb1 104. Ka8 Q4b2 105. Ka7 Nf7 106.
Ka8 Ne5 107. Ka7 Nf3 108. Ka8 Nd2 109. Ka7 Nb3 110. Ka8 Nd4 111. Ka7 Nc2 112. Ka8 Na3 113. Ka7 Q2a2 114. Ka8 Qba1 115. Ka7 Nb1# 0-1

[Event "Early-Titled-Tuesday-Blitz-January-30-2024"]
[Site "Chess.com"]
[Date "2024.01.30"]
[Round "1"]
[White "xamax2000"]
[Black "AttilaTurzo"]
[Result "0-1"]
[WhiteElo "2875"]
[BlackElo "2512"]
[TimeControl "180+1"]
[EndTime "8:10:47 PST"]
[Termination "AttilaTurzo won by resignation"]

1. Nf3 d5 2. c4 c6 3. g3 Nf6 4.
Bg2 Bf5 5. Qb3 Qc8 6. O-O e6 7. d3 Be7 8. Nc3 Nbd7 9. Be3 O-O 10. Rac1 Re8 11. Nd4 Bg6 12. cxd5 exd5 13. Nxd5 Nxd5 14.
Bxd5 Nc5 15. Nxc6 Nxb3 16. Nxe7+ Rxe7 17. Rxc8+ Rxc8 18. Bxb3 a6 19. Kg2 Kh8 20. Re1 f6 21. Bd4 Bf7 22. Bxf7 Rxf7 23. Bc3 Rd7 24. g4 Kg8 25. f4 Kf7 26. h4 g6 27. Kf3 f5 28.
g5 b5 29. h5 Re8 30. Rh1 Rde7 31. Be5 Ke6 32. Bf6 Rc7 33. Bc3 Kd5 34. e4+ Ke6 35. Re1 Kf7 36. Rh1 Rd7 37. Ke3 Red8 38. hxg6+ hxg6 39. Rd1 fxe4 40. Kxe4 Re8+ 41. Be5 Ke6 42. d4 Rc8 43.
d5+ Kf7 44. Rh1 Rc4+ 45. Bd4 Re7+ 46. Kd3 Rd7 47. Rh7+ Ke8 48. Rh8+ Kf7 49. Rh7+ Ke8 50. Rxd7 Kxd7 51. Ke4 Kd6 52. a3 a5 53. b3 Rc1 54.
Be5+ Kc5 55. Bd4+ Kd6 56. Be5+ Kc5 57. d6 Re1+ 58. Kd3 Kc6 59. a4 bxa4 60. bxa4 Rd1+ 61. Ke4 Re1+ 62. Kf3 Rf1+ 63. Kg2 Rd1 64. f5 Rd5 65.
Bf4 Rxf5 66. Kf3 Rd5 67. Ke4 Rc5 68. Kd4 Rf5 69. Ke4 Rd5 70. Bg3 Rc5 71. Bf4 Rc4+ 72. Ke5 Rxa4 73. Bd2 Ra2 74. Bc3 Re2+ 75. Kf6 Kxd6 76.
Bxa5 Re6+ 77. Kf7 Ke5 78. Bc3+ Kf5 79. Bf6 Rc6 80. Kg7 Ra6 81. Kh6 Ra7 82. Bg7 Ra6 83. Bf6 Ra7 84. Bd8 Rf7 85. Bb6 Rf8 86. Bd4 Rd8 87.
Bf6 Rd1 88. Kg7 Rd7+ 89. Kh6 Rf7 90. Bd4 Re7 91. Bf6 Re6 92. Bd4 Re4 93. Bf6 Rf4 94. Be7 Rg4 95. Bf6 Re4 96. Bd8 Re6 97. Kg7 Re8 98. Bf6 Rc8 99. Kh6 Rc7 100. Bd8 Rb7 101. Bf6 Rb6 102. Kg7 Ra6 103. Bd8 Rc6 104. Kh6 Re6 105. Kg7 Re8 106. Bf6 Rc8 107. Kh6 Rc7 108. Bd8 Rd7 109. Bf6 Rd6 110. Be7 Re6 111. Bd8 Re8 112. Bf6 Rg8 113. Kh7 Rf8 114. Kg7 Re8 115. Kh6 Re6 116. Bd8 Re4 117. Bf6 Rh4+ 118. Kg7 Rh5 119. Kf7 Rxg5 120. Kg7 Rh5 121. Bd8 g5 0-1

[Event "Early-Titled-Tuesday-Blitz-January-30-2024"]
[Site "Chess.com"]
[Date "2024.01.30"]
[Round "1"]
[White "MITerryble"]
[Black "Maus7"]
[Result "1/2-1/2"]
[WhiteElo "2980"]
[BlackElo "2532"]
[TimeControl "180+1"]
[EndTime "8:10:54 PST"]
[Termination "Game drawn - insufficient material"]

1. d4 Nf6 2. Bg5 e6 3. e4 h6 4. Bxf6 Qxf6 5. c3 d5 6. Nd2 c5 7. Ngf3 cxd4 8. Nxd4 Bc5 9. Bb5+ Bd7 10. Bxd7+ Nxd7 11. exd5 Qe5+ 12. Ne2 Qxd5 13. O-O Rd8 14. Nb3 Qxd1 15. Raxd1 Bb6 16. a4 a6 17. Rd6 Ke7 18. Rd2 Ne5 19. Rc2 Nc6 20. g3 Rd7 21.
Kg2 Rhd8 22. Ng1 Rd1 23. Nf3 g5 24. h3 Rxf1 25. Kxf1 Rd1+ 26. Ke2 Rh1 27. h4 g4 28. Nfd2 Rh2 29. Ne4 f5 30. Nec5 Na5 31. Kf1 Nxb3 32. Nxb3 f4 33. gxf4 g3 34. Nd4 g2+ 35. Kg1 Rxh4 36.
Ne2 Rg4 37. b4 h5 38. c4 h4 39.
c5 Bc7 40. b5 axb5 41. axb5 h3 42. Rc3 Rh4 43. Kh2 Bxf4+ 44. Nxf4 Rxf4 45. Rxh3 Rxf2 46. Rh7+ Rf7 47. Rh8 Rg7 48. Kg1 e5 49. Rc8 Ke6 50. Rd8 e4 51. c6 bxc6 52. bxc6 Ke5 53. Rd7 Rg8 54. c7 Rc8 55. Kxg2 Ke6 56. Rh7 Kd6 57. Kf2 Rxc7 58. Rh6+ Kd5 59. Ke3 Rc3+ 60. Kd2 Ra3 61. Ke2 Kd4 62. Rd6+ Ke5 63. Rd8 Kf4 64. Rf8+ Ke5 65. Rf7 Ra2+ 66. Ke3 Ra3+ 67. Kd2 Kd4 68. Rd7+ Ke5 69. Rd8 Kf4 70. Rf8+ Ke5 71. Ke2 Kd4 72. Rd8+ Ke5 73. Rd7 Kf4 74. Rf7+ Ke5 75. Kf2 Kd4 76. Rd7+ Ke5 77. Kg2 Ra2+ 78. Kg3 Ra3+ 79. Kf2 Kf4 80.
Rf7+ Ke5 81. Rf8 Kd4 82. Rd8+ Ke5 83. Rd7 Kf4 84. Rf7+ Ke5 85. Ke2 Ra6 86. Rf8 Rd6 87. Ke3 Rd3+ 88. Ke2 Rd6 89. Re8+ Kd4 90. Ra8 Rc6 91.
Ra4+ Rc4 92. Ra2 Rb4 93. Rd2+ Ke5 94. Rd8 Rb2+ 95. Ke3 Rb3+ 96. Kd2 e3+ 97. Ke2 Ke4 98. Re8+ Kd4 99. Rd8+ Ke4 100. Re8+ Kd4 101. Kf3 Rb2 102. Re4+ Kd3 103. Rxe3+ Kd4 104. Re8 Rb3+ 105. Kf4 Rb1 106. Rd8+ Kc5 107. Rc8+ Kd4 108. Re8 Rf1+ 109. Kg3 Rf7 110. Kg4 Kd5 111. Kg5 Rf1 112. Rd8+ Ke5 113. Ra8 Rg1+ 114. Kh4 Kf4 115. Ra4+ Kf3 116. Ra3+ Kf4 117. Kh3 Rg8 118. Ra4+ Kf3 119. Ra3+ Kf4 120. Rb3 Rg7 121. Rc3 Rg8 122. Kh2 Rg7 123. Rc1 Kf3 124. Rf1+ Ke2 125. Rf8 Rg6 126. Kh3 Rg1 127. Kh4 Rg7 128. Kh5 Rg1 129. Kh6 Ke3 130. Kh7 Ke4 131. Rg8 Rh1+ 132. Kg7 Rg1+ 133. Kf7 Rxg8 134. Kxg8 1/2-1/2

[Event "Early-Titled-Tuesday-Blitz-January-30-2024"]
[Site "Chess.com"]
[Date "2024.01.30"]
[Round "1"]
[White "ImportedItalianMaple"]
[Black "OhanyanEminChess"]
[Result "0-1"]
[WhiteElo "2454"]
[BlackElo "2812"]
[TimeControl "180+1"]
[EndTime "8:11:28 PST"]
[Termination "OhanyanEminChess won by resignation"]

1. e4 e5 2. Nc3 Nf6 3. Bc4 Nxe4 4. Qh5 Nd6 5. Qxe5+ Qe7 6. Qxe7+ Bxe7 7. Bb3 Nf5 8.
Nf3 c6 9. d4 d5 10. Ne2 O-O 11.
Bf4 a5 12. c3 a4 13. Bc2 a3 14. b3 Nh4 15. Nxh4 Bxh4 16. g3 Bf6 17. Kd2 Bg4 18. Raf1 Bf3 19. Rhg1 Re8 20. Be3 Nd7 21. g4 Nf8 22. g5 Bd8 23. Rg3 Be4 24. Bxe4 Rxe4 25.
f3 Re8 26. Nf4 Ng6 27. Rg4 Bc7 28. Nd3 Re7 29. h4 Rae8 30. Re1 Nf8 31. f4 g6 32. h5 Ne6 33. hxg6 fxg6 34. Ne5 Ng7 35. Kd3 Nf5 36. Bc1 Bd6 37. c4 Bb4 38. Re2 Nd6 39. c5 Ne4 40. Rxe4 dxe4+ 41. Kxe4 Rd8 42. Rg2 Rd5 43. Rc2 Kg7 44. Rc4 Be1 45. Bxa3 h5 46. gxh6+ Kxh6 47. Bb4 Bxb4 48. Rxb4 g5 49. f5 g4 50. f6 Rc7 51. Nxg4+ Kg6 52. Ra4 Rg5 53. Kf4 Rf5+ 54. Ke4 Rg5 55. Kf4 Rf5+ 56. Kg3 Rf1 57. Ra8 Rg1+ 58. Kf4 Rf1+ 59. Ke5 Re1+ 60. Kd6 Rh7 61. Ra7 Kf5 62. Ne5 Kxf6 63. Nd7+ Kf5 64. Rxb7 Re6+ 65. Kc7 Rh4 66. Nf8 Rf6 67. Nd7 Re6 68.
Nb8 Rxd4 69. Nxc6 Rd2 70. a4 Ree2 71. b4 Kf6 72. a5 Ra2 73. a6 Rxa6 74. b5 Ra1 75. Rb6 Rd2 76. Kb7 Rc1 77. Na7+ Ke7 78. c6 Kd8 79. Ra6 Rb2 80. b6 Rbc2 81. c7+ Rxc7+ 82. bxc7+ Rxc7+ 83. Kb8 Rc1 84. Rb6 Kd7 85. Nb5 Rb1 86. Kb7 Rb2 87. Ka6 Ra2+ 88. Kb7 Rb2 89. Rd6+ Ke7 90. Rd5 Ke6 91. Rh5 Kd7 92. Kb6 Rb1 93.
Rh7+ Ke6 94. Rh5 Kd7 95. Re5 Rb2 96. Kc5 Rc2+ 97. Kd5 Rd2+ 98. Nd4 Ra2 99. Rh5 Ra5+ 100. Ke4 Rxh5 101. Nf5 Rg5 102. Nd4 Rg1 103. Nf5 Ke6 104. Nd4+ Kf6 105. Kd5 Re1 106. Kc4 Rd1 107. Kd5 Ra1 108. Ke4 Ra5 109. Nf3 Ra4+ 110. Nd4 Ra5 111. Nf3 Ke6 112. Nd4+ Kd6 113. Nf5+ Kc5 114. Ne3 Ra1 115. Nf5 Re1+ 116. Ne3 Re2 117. Kf3 Rh2 118. Ke4 Rh4+ 119. Ke5 Rh8 120. Nf5 Re8+ 121. Kf6 Kd5 122. Ne7+ Ke4 123. Kf7 Ra8 124. Ke6 Ra6+ 125. Kd7 Ke5 126. Nc6+ Kd5 127. Ne7+ Kc5 128. Nf5 Rf6 129. Ne7 Rd6+ 130. Ke8 Rd1 131. Kf7 Kd6 132. Nf5+ Ke5 133. Ne7 Rd7 134. Ke8 Ke6 135. Kf8 Rxe7 0-1

[Event "Early-Titled-Tuesday-Blitz-January-30-2024"]
[Site "Chess.com"]
[Date "2024.01.30"]
[Round "2"]
[White "Hasangatin_Ramil"]
[Black "cristiano78"]
[Result "1-0"]
[WhiteElo "2700"]
[BlackElo "2268"]
[TimeControl "180+1"]
[EndTime "8:12:41 PST"]
[Termination "Hasangatin_Ramil won by resignation"]

1. e4 c5 2. Nf3 d6 3. d4 cxd4 4. Qxd4 Nf6 5. e5 Nc6 6. Bb5 Qa5+ 7. Nc3 Qxb5 8. Nxb5 Nxd4 9. Nfxd4 d5 10. Nc7+ Kd8 11.
Nxa8 1-0

[Event "Early-Titled-Tuesday-Blitz-January-30-2024"]
[Site "Chess.com"]
[Date "2024.01.30"]
[Round "2"]
[White "wonderfultime"]
[Black "Bilan_Danila"]
[Result "1-0"]
[WhiteElo "3007"]
[BlackElo "2618"]
[TimeControl "180+1"]
[EndTime "8:14:11 PST"]
[Termination "wonderfultime won by resignation"]

1. d4 d5 2. Nf3 c6 3. Bf4 Nf6 4. e3 g6 5. c4 Bg7 6. Nc3 O-O 7. Be2 Re8 8. O-O b6 9. cxd5 Nxd5 10. Bg3 Bb7 11.
Rc1 Nd7 12. Nxd5 cxd5 13. Bc7 Qc8 14. Bxb6 Qb8 15. Bc7 Qc8 16. Qa4 Nf6 17. Be5 Qf5 18. Rc7 Bc8 19. Bxf6 1-0

[Event "Early-Titled-Tuesday-Blitz-January-30-2024"]
[Site "Chess.com"]
[Date "2024.01.30"]
[Round "2"]
[White "Orujov2008"]
[Black "LileKoridze"]
[Result "0-1"]
[WhiteElo "2717"]
[BlackElo "2369"]
[TimeControl "180+1"]
[EndTime "8:14:15 PST"]
[Termination "LileKoridze won by resignation"]

1. e4 c5 2. Nf3 d6 3. d4 cxd4 4.
Nxd4 Nf6 5. Nc3 a6 6. h3 e5 7. Rh2 exd4 8. Qxd4 Nc6 9. Qd1 Be6 10. Be3 d5 11.
exd5 Nxd5 12. Nxd5 Qxd5 13. Bd3 Bd6 14. f4 Rd8 15. a3 Bc5 16. Qd2 Bxe3 17. Qxe3 Qd4 18. Qxd4 Nxd4 19. f5 Bxf5 20. O-O-O Bxd3 21. Rxd3 Ne2+ 22. Kd2 Rxd3+ 23. Kxd3 Nf4+ 24. Ke4 Ne6 25. Rh1 Ke7 26. Rd1 Rd8 27. Re1 Rd2 0-1

[Event "Early-Titled-Tuesday-Blitz-January-30-2024"]
[Site "Chess.com"]
[Date "2024.01.30"]
[Round "2"]
[White "Gennady_Kozlov"]
[Black "Nekoo04"]
[Result "0-1"]
[WhiteElo "2609"]
[BlackElo "2392"]
[TimeControl "180+1"]
[EndTime "8:14:27 PST"]
[Termination "Nekoo04 won by resignation"]

1. b3 e5 2. Bb2 d6 3. e3 Nf6 4. d4 Nbd7 5. Nf3 e4 6. Nfd2 d5 7. c4 c6 8. Nc3 a6 9. f3 Bd6 10. fxe4 dxe4 11. Ncxe4 Nxe4 12. Nxe4 Qh4+ 13. Nf2 Bb4+ 14. Ke2 Nf6 15. g3 Qh5+ 16. Kd3 Qf5+ 17. Ke2 Qh5+ 18. g4 Nxg4 0-1

[Event "Early-Titled-Tuesday-Blitz-January-30-2024"]
[Site "Chess.com"]
[Date "2024.01.30"]
[Round "2"]
[White "Siemba"]
[Black "kekic76"]
[Result "1-0"]
[WhiteElo "2564"]
[BlackElo "2343"]
[TimeControl "180+1"]
[EndTime "8:14:37 PST"]
[Termination "Siemba won by resignation"]

1. e4 c6 2. d4 d5 3. e5 Bf5 4. h4 h5 5. c4 e6 6. Nc3 g6 7. Nge2 Nd7 8. Ng3 Ne7 9. Bg5 dxc4 10. Bxc4 Nb6 11. Bb3 Nbd5 12. Nxd5 cxd5 13. Ba4+ Nc6 14. Bxd8 Rxd8 15. Bxc6+ bxc6 16. Nxf5 gxf5 17. Qa4 Rc8 18. Rc1 Bh6 19. Rxc6 O-O 20. Rxc8 Rxc8 21. O-O 1-0

[Event "Early-Titled-Tuesday-Blitz-January-30-2024"]
[Site "Chess.com"]
[Date "2024.01.30"]
[Round "2"]
[White "kaanadayhamle"]
[Black "gahryman"]
[Result "0-1"]
[WhiteElo "2388"]
[BlackElo "2654"]
[TimeControl "180+1"]
[EndTime "8:14:44 PST"]
[Termination "gahryman won by checkmate"]

1. Nf3 d5 2. d4 Nf6 3. c4 e6 4.
cxd5 exd5 5. Nc3 c6 6. Bg5 Bd6 7. e3 O-O 8. Bd3 Re8 9. Qc2 h6 10. Bh4 a5 11. O-O Na6 12. a3 Nc7 13. Rfe1 Bg4 14.
Nd2 Bd7 15. Rac1 Bxh2+ 16. Kxh2 Ng4+ 17. Kg3 g5 18. Rh1 gxh4+ 19. Rxh4 Qg5 20. Nf3 Qg7 21. Qb1 Nxe3+ 22. Kh2 Qxg2# 0-1

[Event "Early-Titled-Tuesday-Blitz-January-30-2024"]
[Site "Chess.com"]
[Date "2024.01.30"]
[Round "2"]
[White "vishwa_vijeta"]
[Black "cycygogne"]
[Result "1-0"]
[WhiteElo "2537"]
[BlackElo "2286"]
[TimeControl "180+1"]
[EndTime "8:14:45 PST"]
[Termination "vishwa_vijeta won by resignation"]

1. e4 d5 2. exd5 Qxd5 3. Nc3 Qd6 4. Nf3 Bg4 5. d4 Nf6 6. Bc4 Nc6 7. Be3 O-O-O 8. O-O Bxf3 9. Qxf3 Nxd4 10. Bxd4 Qxd4 11. Bxf7 c6 12. Rad1 Qb6 13. Be6+ Kb8 14. Qg3+ Ka8 15. Na4 Qa5 16. b4 Ne4 17. bxa5 1-0

[Event "Early-Titled-Tuesday-Blitz-January-30-2024"]
[Site "Chess.com"]
[Date "2024.01.30"]
[Round "2"]
[White "KamilGrycel"]
[Black "rikchessmx"]
[Result "1-0"]
[WhiteElo "2546"]
[BlackElo "2318"]
[TimeControl "180+1"]
[EndTime "8:14:48 PST"]
[Termination "KamilGrycel won by resignation"]

1. d4 Nf6 2. Nf3 e6 3. Bf4 Bd6 4. Bxd6 cxd6 5. e3 d5 6. c4 dxc4 7. Bxc4 O-O 8. Nc3 a6 9. O-O b5 10. Bd3 Bb7 11. a4 b4 12. Nb1 a5 13. Nbd2 d5 14. Nb3 Nbd7 15. Rc1 Qb6 16. Qe2 Rfc8 17. Bb5 Bc6 18. Nc5 Bxb5 19. Qxb5 Qd6 20. Nb7 Rxc1 21.
Nxd6 Rxf1+ 22. Kxf1 h6 23. Ne5 Nxe5 24. dxe5 Ne4 25.
Nxe4 dxe4 26. Qb7 Rd8 27. Ke2 Rd3 28. Qxe4 Rb3 29. Qc2 1-0

[Event "Early-Titled-Tuesday-Blitz-January-30-2024"]
[Site "Chess.com"]
[Date "2024.01.30"]
[Round "2"]
[White "andrzej"]
[Black "Alexei_Kornev"]
[Result "0-1"]
[WhiteElo "2414"]
[BlackElo "2733"]
[TimeControl "180+1"]
[EndTime "8:14:58 PST"]
[Termination "Alexei_Kornev won by resignation"]

1. e4 c5 2. Nf3 d6 3. d4 cxd4 4. Nxd4 Nf6 5. Nc3 a6 6. Be3 e6 7. a3 b5 8. g4 Bb7 9. Bg2 Nfd7 10. g5 Be7 11. f4 Nc6 12. Qe2 O-O 13. h4 Rc8 14. h5 Nxd4 15. Bxd4 e5 16. Be3 exf4 17.
Bxf4 Bxg5 18. Bxd6 Re8 19. O-O Qb6+ 20. Kh1 Qxd6 21.
Rad1 Qe7 22. Qf2 Ne5 23. Qf5 g6 24. hxg6 hxg6 25. Qh3 Kg7 0-1

[Event "Early-Titled-Tuesday-Blitz-January-30-2024"]
[Site "Chess.com"]
[Date "2024.01.30"]
[Round "2"]
[White "Susal_De_Silva"]
[Black "esrosenberg"]
[Result "1-0"]
[WhiteElo "2757"]
[BlackElo "2402"]
[TimeControl "180+1"]
[EndTime "8:15:00 PST"]
[Termination "Susal_De_Silva won by resignation"]

1. Nf3 d5 2. e3 c5 3. c4 d4 4. exd4 cxd4 5. g3 Nc6 6. Bg2 e5 7.
d3 Bb4+ 8. Bd2 a5 9. O-O Be7 10.
Re1 f6 11. Nh4 g6 12. f4 Qc7 13. f5 g5 14. Qh5+ Kf8 15. Ng6+ hxg6 16. Qxh8 Bxf5 17. Bd5 1-0

[Event "Early-Titled-Tuesday-Blitz-January-30-2024"]
[Site "Chess.com"]
[Date "2024.01.30"]
[Round "2"]
[White "Nouali_Mohamed"]
[Black "Karina_Ivanova"]
[Result "1-0"]
[WhiteElo "2534"]
[BlackElo "2279"]
[TimeControl "180+1"]
[EndTime "8:15:04 PST"]
[Termination "Nouali_Mohamed won by checkmate"]

1. e4 c6 2. d4 d5 3. e5 Bf5 4. Nc3 e6 5. g4 Bg6 6. Nge2 Bb4 7.
Be3 c5 8. dxc5 Nd7 9. Nd4 Nxc5 10. Bb5+ Nd7 11. f4 Be4 12. O-O Bxc3 13. bxc3 Ne7 14. f5 a6 15. fxe6 axb5 16. exf7+ Kf8 17. Ne6# 1-0

[Event "Early-Titled-Tuesday-Blitz-January-30-2024"]
[Site "Chess.com"]
[Date "2024.01.30"]
[Round "2"]
[White "GMSrinath"]
[Black "Happy1712Drummer"]
[Result "1-0"]
[WhiteElo "2837"]
[BlackElo "2425"]
[TimeControl "180+1"]
[EndTime "8:15:09 PST"]
[Termination "GMSrinath won by resignation"]

1. d4 d5 2. Nf3 e6 3. Bf4 Nf6 4.
e3 Bd6 5. Ne5 b6 6. c3 Bb7 7.
Nd2 Ne4 8. Nxe4 dxe4 9. Qg4 Qf6 10. Bb5+ Kf8 11. Qg3 h6 12. Nd7+ Ke7 13. Bxd6+ cxd6 14. Nxf6 1-0